Match 41859767
Unlisted

Match 41859767
End
Construct Section Command Post
Royal Engineer Section
Dingo Light Scout Car
Selects Australian Defense Battlegroup
Selects Australian Light Infantry Section
Australian Light Infantry Section
Infantry Section
Selects 2-pounder Anti-tank Gun Team
2-pounder Anti-tank Gun Team
Construct Platoon Command Post
Infantry Training
Australian Light Infantry Section
Grenade Package
6-pounder Anti-tank Gun Team
Team Weapon Training
^3
DIV 250 BigBoss
REDFORCE
bibotot1995
0
0

Comments sign in to comment!

No comments posted yet!